 Dungeon Crawl Stone Soup version 0.27-a0-1332-g84bddb5ca7 (webtiles) character file.

Game seed: 11332691870138670792

940 Gwenloh the Scholar of Death (level 7, -2/46 HPs)
             Began as a Demonspawn Necromancer on June 24, 2021.
             Was a Follower of Kikubaaqudgha.
             Slain by a phantom (3 damage)
             ... on level 5 of the Dungeon on June 25, 2021.
             The game lasted 00:22:53 (7838 turns).

Gwenloh the Scholar of Death (DsNe)                 Turns: 7838, Time: 00:22:53

Health: -2/46      AC:  7    Str:  9    XL:     7   Next: 88%
Magic:  14/14      EV: 12    Int: 17    God:    Kikubaaqudgha [*.....]
Gold:   144        SH:  0    Dex: 14    Spells: 3/16 levels left

rFire    . . .     SeeInvis .   f - +0 flail (pain)
rCold    . . .     Faith    .   (no shield)
rNeg     . . .     Spirit   .   a - +0 robe
rPois    .         Reflect  .   (no helmet)
rElec    .         Harm     .   (no cloak)
rCorr    +         Rampage  .   s - +0 pair of gloves
Will     .....                  (no boots)
Stlth    ++........             c - amulet of magic regeneration
HPRegen  0.15/turn              n - ring of resist corrosion
MPRegen  0.39/turn              o - +4 ring of protection

@: brilliant, flying
A: powered by death 2
a: Renounce Religion, Receive Corpses


You were on level 5 of the Dungeon.
You worshipped Kikubaaqudgha.
Kikubaaqudgha was aware of your devotion.
You visited 2 branches of the dungeon, and saw 7 of its levels.

You collected 267 gold pieces.
You spent 123 gold pieces at shops.

Inventory:

Hand Weapons
 b - a +0 dagger
 f - a +0 flail of pain (weapon)
Armour
 a - a +0 robe (worn)
 s - a +0 pair of gloves (worn)
Jewellery
 c - an amulet of magic regeneration (around neck)
 m - a ring of ice
 n - a ring of resist corrosion (left hand)
 o - a +4 ring of protection (right hand)
Wands
 u - a wand of iceblast (9)
 y - a wand of polymorph (9)
Scrolls
 g - a scroll of torment
 h - 2 scrolls of teleportation
 j - a scroll of noise
 l - 2 scrolls of fog
 q - a scroll of silence
 t - a scroll of amnesia
 w - a scroll of magic mapping
 x - a scroll of enchant weapon
 z - a scroll of holy word
Potions
 d - a potion of cancellation
 k - a potion of might {unknown}
 p - 3 potions of curing
 r - 3 potions of mutation {unknown}


   Skills:
 - Level 1.7 Dodging
 - Level 1.7 Stealth
 + Level 5.0 Spellcasting
 * Level 9.3 Necromancy


You had 3 spell levels left.
You knew the following spells:

 Your Spells              Type           Power      Damage    Failure   Level
a - Pain                  Necr           100%       1d9       1%          1
b - Vampiric Draining     Necr           26%        2d9       1%          3
c - Animate Dead          Necr           26%        N/A       3%          4
d - Agony                 Necr           52%        N/A       9%          5

Your spell library contained the following spells:

 Spells                   Type           Power      Damage    Failure   Level
 Animate Skeleton         Necr           100%       N/A       1%          1
 Sublimation of Blood     Necr           26%        N/A       1%          2
 Beastly Appendage        Tmut           12%        N/A       14%         1
 Wereblood                Tmut           6%         N/A       22%         2
 Spider Form              Tmut/Pois      3%         N/A       38%         3
 Ice Form                 Ice/Tmut       6%         N/A       80%         4


Dungeon Overview and Level Annotations

Branches:
Dungeon (6/15)             Temple (1/1) D:4

Altars:
Cheibriados
Dithmenos
Elyvilon
Gozag
Kikubaaqudgha
Makhleb
Nemelex Xobeh
Okawaru
Qazlal
Ru
Uskayaw
Vehumet
Beogh

Shops:
D:3 [   D:5 ?

Annotations:
D:4 3 runed translucent doors, kilomeow's ghost, amateur BaIE


Innate Abilities, Weirdness & Mutations

You regenerate health from kills.


Message History

The phantom hits you but does no damage.
The phantom hits you.
* * * LOW HITPOINT WARNING * * *
The phantom blinks!
You blink.
You closely miss the phantom.
The phantom is moderately damaged.
The phantom barely misses you.
You hit the phantom but do no damage.
The phantom is moderately damaged.
The phantom hits you but does no damage.
There is a stone staircase leading down here.
You miss the phantom.
The phantom is moderately damaged.
The phantom hits you but does no damage. x2
You closely miss the phantom.
The phantom is moderately damaged.
The phantom completely misses you.
You hit the phantom.
The phantom is moderately damaged.
The phantom hits you.
* * * LOW HITPOINT WARNING * * *
The phantom closely misses you.
You closely miss the phantom.
The phantom is moderately damaged.
The phantom hits you.
* * * LOW HITPOINT WARNING * * *
The phantom blinks!
You blink.
It was a potion of cancellation.
You feel magically purged. The phantom hits you.
* * * LOW HITPOINT WARNING * * *
It was a potion of flight.
You feel very buoyant.
You fly up into the air.
The phantom hits you.
* * * LOW HITPOINT WARNING * * *
The phantom blinks!
You blink.
It was a potion of brilliance.
You feel clever all of a sudden. The phantom hits you.
You die...
Kikubaaqudgha rasps: "You have failed me!
Welcome... death!"

...# #.......###.....#
#### ######.## ##.####
#..###.## ### #.#.#.##
..############.##.####
...........).........#
.#######......#.#.##.#
.## #.#####.##W##.#
..## #.###...>@....#
...#####....ยง.....#..#
..........##.######..#
...######.##.######..#
..#######.##.#...##..#
.................##..#
##############>(.##..#
##.###..# #########


You could see a phantom.

Vanquished Creatures
  Sigmund (D:5)
  Eustachio (D:3)
  Edmund (D:5)
  A scorpion (D:5)
  A centaur zombie (D:5)
  A hound (D:4)
  A bullfrog skeleton (D:4)
  A gnoll shaman (D:5)
  An orc priest (D:3)
  A hound zombie (D:5)
  Robin (D:4)
  8 gnolls
  4 adders
  2 river rats (D:5)
  An ufetubus (D:5)
  6 worms
  4 dart slugs
  8 orcs
  5 ball pythons
  5 endoplasms
  A giant cockroach (D:2)
  17 goblins
  11 hobgoblins
  3 jackals (D:4)
  6 quokkas
  2 bats
  A frilled lizard (D:3)
  4 kobolds
  7 rats
106 creatures vanquished.

Vanquished Creatures (collateral kills)
  A centaur skeleton (D:3)
1 creature vanquished.

Vanquished Creatures (others)
  9 plants
9 creatures vanquished.

Grand Total: 116 creatures vanquished

Notes
Turn   | Place    | Note
-------+----------+-------------------------------------------
     0 | D:1      | Gwenloh the Demonspawn Necromancer began the quest for the
                  | Orb.
     0 | D:1      | Reached XP level 1. HP: 13/13 MP: 3/3
   553 | D:1      | Reached skill level 5 in Necromancy
   553 | D:1      | Gained mutation: You regenerate a little health from kills.
                  | [demonic ancestry]
   553 | D:1      | Reached XP level 2. HP: 17/19 MP: 3/5
  1720 | D:1      | Found a faded altar of an unknown god.
  1851 | D:2      | Reached XP level 3. HP: 24/24 MP: 4/6
  1895 | D:2      | Learned a level 3 spell: Vampiric Draining
  2340 | D:2      | Found a burning altar of Makhleb.
  2670 | D:2      | Reached XP level 4. HP: 28/30 MP: 2/7
  2675 | D:2      | Learned a level 4 spell: Animate Dead
  3366 | D:2      | Reached skill level 6 in Necromancy
  4033 | D:3      | Found Ryps's Antique Armour Shoppe.
  4181 | D:3      | Reached XP level 5. HP: 33/35 MP: 5/9
  4705 | D:4      | Upgraded the game from 0.27-a0-1325-g58a489ad9e to
                  | 0.27-a0-1332-g84bddb5ca7
  4726 | D:4      | Noticed Eustachio
  5139 | D:4      | Noticed Robin
  5304 | D:3      | Killed Eustachio
  5305 | D:3      | Reached skill level 7 in Necromancy
  5305 | D:3      | Gained mutation: You regenerate health from kills. [demonic
                  | ancestry]
  5305 | D:3      | Reached XP level 6. HP: 21/41 MP: 1/11
  5610 | D:4      | Killed Robin
  5705 | D:4      | Found a staircase to the Ecumenical Temple.
  5736 | Temple   | Entered the Ecumenical Temple
  5804 | Temple   | Became a worshipper of Kikubaaqudgha
  5949 | D:4      | Found a runed translucent gate.
  5950 | D:4      | Found a runed translucent gate.
  5950 | D:4      | Noticed kilomeow's ghost (amateur BaIE)
  5951 | D:4      | Found a runed translucent gate.
  5958 | D:4      | Identified the +2 leather armour of Oduvvut {Rampage Int+2}
  6230 | D:4      | Found an iron altar of Okawaru.
  6367 | D:5      | Entered Level 5 of the Dungeon
  6371 | D:5      | Noticed Edmund
  6381 | D:5      | Killed Edmund
  6382 | D:5      | Reached skill level 8 in Necromancy
  6382 | D:5      | Reached XP level 7. HP: 46/46 MP: 3/13
  6510 | D:5      | Noticed Sigmund
  7105 | D:5      | Found Otusev's Magic Scroll Shop.
  7112 | D:5      | Bought a scroll of identify for 26 gold pieces
  7112 | D:5      | Bought a scroll of magic mapping for 45 gold pieces
  7112 | D:5      | Bought a scroll of identify for 26 gold pieces
  7112 | D:5      | Bought a scroll of identify for 26 gold pieces
  7349 | D:5      | Killed Sigmund
  7350 | D:5      | Reached skill level 9 in Necromancy
  7356 | D:5      | Learned a level 5 spell: Agony
  7529 | D:5      | Reached skill level 5 in Spellcasting
  7533 | D:5      | Reached * piety under Kikubaaqudgha
  7533 | D:5      | Received a gift from Kikubaaqudgha
  7836 | D:5      | HP: 2/46 [phantom (4)]
  7838 | D:5      | Slain by a phantom

Illustrated notes

Levels and vault maps discovered:
D:1:      ncdulo_lavacross, layout_basic, chequers_ecumenical_altar_grove,
          grunt_decor_resistance, minmay_distorted
D:2:      layout_basic, basic_altar, chequers_big_river
D:3:      layout_basic, serial_shops, nicolae_shop_crystal
D:4:      layout_rooms, marbit_many_paths, minmay_temple_entry_overgrown,
          biasface_ghost_orc_armoury, uniq_eustachio, uniq_robin
D:5:      layout_loops_ring, serial_shops, shop_fountains,
          gup_sewer_entry_spiral, uniq_edmund, uniq_sigmund
D:6:      layout_loops_corners
Temple:   jpeg_temple_clearing

Skill      XL: |  1  2  3  4  5  6  7 |
---------------+----------------------+-----
Necromancy     | 5 6 7 8 9 |  9.3
Spellcasting   | 3 4 5 |  5.0
Dodging        | |  1.7
Stealth        | |  1.7

Action                   |  1- 3 |  4- 6 |  7- 9 || total
-------------------------+-------+-------+-------++-------
Melee: Unarmed           |     8 |       |       ||     8
       Dagger            |     4 |    33 |    21 ||    58
       Flail             |       |       |    47 ||    47
 Cast: Pain              |    71 |   140 |    40 ||   251
       Vampiric Draining |     2 |     7 |     9 ||    18
       Animate Dead      |       |     2 |     2 ||     4
  Use: Scroll            |       |     5 |     4 ||     9
       Potion            |       |       |     3 ||     3
 Stab: Sleeping          |       |     1 |       ||     1
Armor: Robe              |       |    30 |    42 ||    72
Dodge: Dodged            |    14 |    58 |    52 ||   124

Table legend: (Time is in decaauts)
 A = Elapsed time spent in this place.
 B = Non-inter-level travel time spent in this place.
 C = Inter-level travel time spent in this place.
 D = Time resting spent in this place.
 E = Time spent auto-exploring this place.
 F = Levels seen in this place.
 G = Mean time per level.
                   A        B        C        D        E       F      G
               +--------+--------+--------+--------+--------+-----+--------+
         Total |   7915 |   7497 |    418 |   1275 |   4910 |   7 | 1130.7 |
       Dungeon |   7782 |   7381 |    401 |   1275 |   4804 |   6 | 1297.0 |
        Temple |    132 |    115 |     17 |      0 |    106 |   1 |  132.0 |
               +--------+--------+--------+--------+--------+-----+--------+

Top non-repeatable levels by time:
     D:1: 2004 daAuts
     D:3: 1945 daAuts
     D:2: 1438 daAuts
     D:5: 1327 daAuts
     D:4: 1037 daAuts
  Temple: 132 daAuts
     D:6: 29 daAuts
